Map: Odyssey LE

Players

PiLiPiLi

  • Race: Protoss Protoss
  • Spawn Location: 5:00

Serral - Winner!

  • Race: Zerg Zerg
  • Spawn Location: 11:00

Event: WCS Montreal 2017

VOD

Have the link to the VOD?

Description

Time

  • Played on: Sept. 8, 2017, 5:55 p.m.
  • Length: 8:57

All games in this series

Show
View Real Time Build Order
Export as new Build Order

PiLiPiLi Protoss 

Build Orders:  

Get SALT Encoding   

  12  0:01  Probe (Chrono Boost)  
  13  0:11  Probe (Chrono Boost)  
  14  0:21  Pylon  
  14  0:22  Probe (Chrono Boost)  
  15  0:39  Probe (Chrono Boost), Gateway  
  16  0:45  Assimilator  
  16  0:49  Probe (Chrono Boost)  
  17  0:59  Gateway  
  17  1:00  Probe (Chrono Boost)  
  19  1:11  Probe (Chrono Boost)  
  19  1:22  Probe (Chrono Boost)  
  20  1:26  Cybernetics Core  
  20  1:32  Probe (Chrono Boost), Zealot (Chrono Boost)  
  23  1:43  Pylon  
  22  1:58  Nexus  
  22  2:10  Mothership Core (Chrono Boost)  
  24  2:20  Assimilator  
  22  2:28  Probe (Chrono Boost)  
  22  2:29  Warp Gate (Chrono Boost)  
  23  2:39  Probe (Chrono Boost)  
  23  2:40  Adept (Chrono Boost)  
  26  2:51  Probe  
  27  3:03  Adept (Chrono Boost)  
  29  3:07  Probe  
  29  3:08  Probe  
  31  3:17  Twilight Council  
  31  3:19  Probe  
  32  3:20  Probe  
  32  3:24  Adept  
  33  3:31  Probe  
  33  3:32  Probe  
  37  3:35  Gateway x2  
  37  3:43  Probe, Resonating Glaives (Chrono Boost)  
  37  3:45  Probe  
  37  3:47  Pylon  
  39  3:55  Probe  
  40  3:57  Probe  
  41  4:07  Probe  
  41  4:09  Probe  
  39  4:13  Robotics Facility  
  39  4:18  Pylon  
  39  4:21  Probe x2 (Chrono Boost)  
  41  4:30  Adept x3  
  47  4:32  Probe (Chrono Boost)  
  47  4:33  Probe (Chrono Boost)  
  47  4:37  Assimilator  
  49  4:39  Pylon  
  49  4:42  Probe (Chrono Boost)  
  51  4:45  Probe (Chrono Boost)  
  51  4:50  Adept x3  
  57  4:55  Probe (Chrono Boost)  
  57  4:56  Probe (Chrono Boost)  
  57  4:59  Warp Prism (Chrono Boost)  
  61  5:08  Probe  
  61  5:10  Pylon  
  61  5:12  Sentry, Adept x2  
  68  5:15  Probe  
  68  5:20  Probe  
  70  5:21  Pylon  
  70  5:28  Probe  
  70  5:32  Probe  
  71  5:40  Probe, Adept x3  
  78  5:46  Immortal  
  78  5:50  Probe  
  83  5:59  Nexus  
  83  6:02  Pylon  
  83  6:07  Sentry  
  85  6:13  Pylon  
  85  6:20  Immortal  
  89  6:31  Sentry x3  
  79  6:54  Immortal  
  79  6:57  Gateway  
  79  6:58  Gateway  
  81  7:01  Gateway  
  81  7:03  Gateway  
  81  7:06  Gateway  
  81  7:08  Adept x3  
  85  7:09  Gateway  
  85  7:12  Pylon  
  85  7:14  Pylon  
  87  7:16  Pylon  
  87  7:19  Probe  
  87  7:21  Probe x2  
  90  7:28  Sentry, Adept x2  
  96  7:33  Probe  
  97  7:41  Probe  
  98  7:47  Adept  
  98  7:48  Adept x2  
  104  8:03  Adept x5  
  113  8:08  Adept x4  
  121  8:22  Adept x2  
  121  8:23  Adept x2  
  121  8:24  Adept  
  129  8:40  Adept x5  
  91  8:41  Adept  
Show
View Real Time Build Order
Export as new Build Order

Serral Zerg - Winner!

Build Orders: Pool First 

Get SALT Encoding   

  12  0:18  Spawning Pool  
  11  0:22  Drone  
  11  0:27  Drone  
  13  0:31  Drone  
  14  0:47  Overlord  
  14  1:06  Zergling x6  
  19  1:17  Zergling x2  
  18  1:19  Hatchery  
  17  1:28  Zergling x2  
  18  1:34  Queen  
  20  1:42  Zergling x2  
  21  1:51  Drone  
  22  1:57  Extractor  
  22  2:00  Overlord  
  19  2:15  Drone  
  19  2:18  Queen  
  22  2:23  Drone  
  23  2:31  Queen, Drone  
  23  2:35  Drone  
  27  2:42  Drone  
  29  2:44  Drone  
  29  2:48  Drone  
  30  2:52  Drone  
  30  3:00  Metabolic Boost  
  30  3:06  Drone x2  
  30  3:11  Drone  
  33  3:13  Drone x2  
  35  3:21  Overlord  
  35  3:23  Drone  
  36  3:29  Overlord  
  36  3:41  Drone x2  
  38  3:42  Drone x4  
  38  3:46  Zergling x4  
  44  3:52  Zergling x2  
  45  3:58  Overlord  
  45  4:02  Drone x3  
  47  4:03  Drone  
  45  4:12  Drone x2  
  47  4:20  Hatchery  
  46  4:27  Drone, Roach Warren  
  46  4:31  Drone x2  
  46  4:36  Lair  
  47  4:39  Drone  
  47  4:40  Drone  
  49  4:48  Extractor  
  49  4:49  Zergling x4  
  49  4:50  Zergling x6  
  49  4:52  Overlord  
  53  5:00  Queen, Drone x2  
  53  5:04  Overlord  
  56  5:10  Roach  
  56  5:11  Roach x2  
  62  5:14  Overlord  
  62  5:21  Roach x2  
  66  5:26  Overlord  
  66  5:33  Roach x4  
  73  5:37  Extractor  
  73  5:42  Overlord  
  72  5:44  Zergling x8  
  72  5:46  Overseer  
  72  5:49  Roach  
  78  5:54  Overlord  
  77  6:00  Roach  
  77  6:01  Roach x3  
  85  6:09  Overlord  
  85  6:16  Overlord  
  85  6:20  Drone  
  85  6:21  Drone x5  
  85  6:23  Drone  
  85  6:24  Drone x3  
  95  6:27  Drone x2  
  95  6:29  Glial Reconstitution  
  96  6:36  Drone x2  
  96  6:38  Overlord  
  92  6:48  Overlord  
  92  6:51  Drone x2  
  91  6:57  Drone x3, Spire  
  90  7:07  Roach, Baneling Nest  
  90  7:10  Overlord  
  90  7:17  Zergling x8  
  90  7:21  Overlord  
  93  7:27  Extractor  
  93  7:28  Zergling x2  
  93  7:29  Zergling x10  
  99  7:31  Evolution Chamber  
  99  7:34  Extractor  
  97  7:44  Ravager x4  
  99  7:45  Ravager  
  99  7:47  Zergling x6  
  99  7:48  Zergling x14, Hatchery  
  110  7:56  Baneling x2  
  110  7:58  Zergling x6  
  113  7:59  Baneling  
  113  8:05  Baneling x2  
  113  8:06  Baneling  
  113  8:09  Baneling x2  
  113  8:10  Baneling  
  113  8:11  Zergling x2  
  113  8:12  Zergling x18  
  123  8:18  Baneling  
  123  8:19  Baneling x4  
  120  8:20  Zergling x4  
  120  8:24  Baneling x3  
  122  8:27  Zergling x8  
  122  8:29  Baneling  
  122  8:30  Baneling  
  122  8:34  Zergling x6  
  121  8:37  Zergling x2  
  102  8:51  Ravager  
Tags
 
Add a new tag
Caveats
  • Supply blocks, unpowered buildings, or Contaminate may cause inaccurate times.
  • Supply counts are checked every 10 seconds.